 Dungeon Crawl Stone Soup version 0.30.1-4-g462c640d31 (webtiles) character file.

Game seed: 12347825688759139938

3154 spardeous the Magician (level 9, -3/62 HPs)
             Began as a Demigod Conjurer on Aug 14, 2023.
             Slain by an acid dragon (10 damage)
             ... on level 8 of the Dungeon.
             The game lasted 00:10:54 (10011 turns).

spardeous the Magician (Demigod Conjurer)          Turns: 10011, Time: 00:10:54

Health: -3/62      AC:  2    Str: 12    XL:     9   Next: 36%
Magic:  0/24       EV: 10    Int: 28    God:
Gold:   346        SH:  4    Dex: 18    Spells: 16/23 levels left

rFire   + . .        G - +2 flail (protect)
rCold   + . .        d - +0 buckler
rNeg    + . .        k - +0 ring mail
rPois   .            v - +2 helmet
rElec   .            J - scarf {rC+ rF+}
rCorr   .            I - +0 pair of gloves
SInv    .            B - +0 pair of boots
Will    .....        (no amulet)
Stlth   +            n - +6 ring of dexterity
HPRegen 0.30/turn    F - ring of positive energy
MPRegen 0.19/turn

%: no passive effects
@: corroded, very slightly contaminated
A: high MP 1, forlorn, divine attributes
a: no special abilities


You were on level 8 of the Dungeon.
You visited 1 branch of the dungeon, and saw 8 of its levels.

You collected 346 gold pieces.

Inventory:

Hand Weapons
 z - a +1 vampiric spear
 G - a +2 flail of protection (weapon)
Missiles
 c - a throwing net
Armour
 d - a +0 buckler (worn)
 k - a +0 ring mail (worn)
 m - a +0 cloak
 v - a +2 helmet (worn)
 B - a +0 pair of boots (worn)
 I - a +0 pair of gloves (worn)
 J - a scarf of resistance (worn)
Jewellery
 i - a ring of fire
 l - an amulet of guardian spirit
 n - a +6 ring of dexterity (left hand)
 F - a ring of positive energy (right hand)
 H - a ring of fire
Wands
 o - a wand of polymorph (3)
 D - a wand of flame (13)
Scrolls
 e - 2 scrolls of enchant weapon {unknown}
 q - 3 scrolls of identify {unknown}
 r - 4 scrolls of vulnerability {unknown}
 w - a scroll of fog {unknown}
 y - a scroll of amnesia {unknown}
 A - a scroll of enchant armour {unknown}
 C - a scroll of poison {unknown}
Potions
 a - 2 potions of resistance {unknown}
 b - 2 potions of magic
 f - 3 potions of curing
 g - a potion of invisibility
 h - 3 potions of flight {unknown}
 j - a potion of degeneration {unknown}
 p - 3 potions of lignification {unknown}
 s - 2 potions of might {unknown}
 t - a potion of cancellation {unknown}
 u - a potion of brilliance {unknown}
 x - 2 potions of heal wounds {unknown}
 E - a potion of attraction {unknown}
 K - a potion of mutation {unknown}


   Skills:
 - Level 1.7 Dodging
 - Level 1.7 Stealth
 + Level 7.9 Spellcasting
 - Level 7.7 Conjurations
 - Level 6.0 Translocations


You had 16 spell levels left.
You knew the following spells:

 Your Spells              Type           Power      Damage    Failure   Level
a - Magic Dart            Conj           100%       1d8       1%          1
b - Searing Ray           Conj           100%       2d8       1%          2
c - Iskenderun's Mystic   Conj/Tloc      49%        2d11      10%         4

Your spell library contained the following spells:

 Spells                   Type           Power      Damage    Failure   Level
 Dazzling Flash           Conj/Hex       64%        N/A       10%         3
 Fulminant Prism          Conj/Hex       16%        3d11      32%         4
 Sticky Flame             Conj/Fire      32%        2d5       32%         4
 Ignite Poison            Fire/Tmut/Pois 11%        N/A       45%         3
 Ozocubu's Armour         Ice            11%        N/A       45%         3
 Metabolic Englaciation   Hex/Ice        5%         N/A       99%         5
 Simulacrum               Ice/Necr       5%         N/A       100%        6
 Ignition                 Fire           5%         3d4       100%        8


Dungeon Overview and Level Annotations

Branches:
Dungeon (8/15)             Temple (0/1) D:7
   Lair: D:8-11

Shops:
D:8 =

Annotations:
D:5 2 runed translucent doors


Innate Abilities, Weirdness & Mutations

You have an increased reservoir of magic. (+10% MP)
You shall have no god before yourself.
Your divine heritage dramatically boosts your attributes as you level up.


Message History

(Press . to maintain the ray.)
The acid dragon barely misses you. The acid dragon closely misses you.
You now have 4/24 mp.
The searing ray hits the acid dragon!
The acid dragon is severely wounded.
The acid dragon spits acid at you. The splash of acid hits you!
The acid corrodes you!
You take 13 damage, and have 49/62 hp.
MASSIVE DAMAGE!!
You now have 3/24 mp.
The searing ray hits the acid dragon.
The acid dragon is severely wounded.
The acid dragon bites you!
The acid dragon claws you but does no damage.
You take 11 damage, and have 38/62 hp.
You now have 2/24 mp.
The searing ray hits the acid dragon.
The acid dragon is almost dead.
You finish channelling your searing ray.
The acid dragon bites you. The acid dragon claws you.
You take 4 damage, and have 34/62 hp.
You barely miss the acid dragon.
The acid dragon is almost dead.
The acid dragon spits acid at you. The splash of acid hits you!!
* * * LOW HITPOINT WARNING * * *
The acid corrodes you! The acid dragon barely misses you.
The acid dragon claws you.
* * * LOW HITPOINT WARNING * * *
You take 33 damage, and have 1/62 hp.
MASSIVE DAMAGE!!
Okay, then.
Casting: Searing Ray (safe; 1% risk of failure)
Confirm with . or Enter, or press ? or * to list all spells.
Aiming: Searing Ray (safe; 1% risk of failure)
Press: ? - help, Shift-Dir - straight line, f/p - acid dragon
Aim: an acid dragon (almost dead, 83% to hit)
You miscast Searing Ray.
You are very lightly contaminated with residual magic.
Nothing appears to happen.
The acid dragon barely misses you.
The acid dragon claws you but does no damage.
You now have 0/24 mp.
You feel better. The acid dragon bites you!
You die...

##...........#
#.........####
#.........##
......##...##
### ...###
###..## ..#
##. #...#...#
# ##..#...#.#
#.##D......
#.†@#....#
##....#.###
#.....###
..F...†[>..#
...........#
..<........#
.........).#
..........##
...........


You could see an acid dragon.

Vanquished Creatures
  Pikel (D:7)
  Prince Ribbit (D:7)
  A wraith (D:6)
  A water moccasin (D:6)
  2 ice beasts
  An orc warrior (D:7)
  A sky beast (D:6)
  A lemure (D:7)
  2 kobold brigands
  4 bullfrogs
  2 scorpions
  4 wights (D:8)
  4 killer bees
  4 howler monkeys
  4 orc priests
  2 hounds (D:7)
  A jelly (D:6)
  4 iguanas
  A sleepcap (D:7)
  5 orc wizards
  A statue (D:4)
  14 gnolls
  12 adders
  A worm (D:2)
  5 dart slugs
  24 orcs
  3 bats
  7 endoplasms
  4 goblins
  6 hobgoblins
  A jackal (D:1)
  16 kobolds
  2 quokkas
  8 ball pythons
  2 frilled lizards
  3 rats
  A spectral orc (D:4)
156 creatures vanquished.

Notes
Turn   | Place    | Note
-------+----------+-------------------------------------------
     0 | D:1      | spardeous the Demigod Conjurer began the quest for the Orb.
     0 | D:1      | Reached XP level 1. HP: 14/14 MP: 5/5
   328 | D:1      | Reached XP level 2. HP: 20/20 MP: 3/7
  1288 | D:1      | Learned a level 2 spell: Searing Ray
  1553 | D:2      | Reached XP level 3. HP: 26/26 MP: 7/9
  2378 | D:2      | Reached XP level 4. HP: 33/33 MP: 7/11
  2882 | D:3      | Learned a level 4 spell: Iskenderun's Mystic Blast
  3740 | D:4      | Reached XP level 5. HP: 37/38 MP: 0/13
  3863 | D:4      | Reached skill level 5 in Conjurations
  4169 | D:4      | Reached XP level 6. HP: 45/45 MP: 12/15
  4824 | D:5      | Entered Level 5 of the Dungeon
  5612 | D:5      | Found a large runed translucent door.
  5612 | D:5      | Found a large runed translucent door.
  5743 | D:5      | Reached XP level 7. HP: 22/50 MP: 8/17
  5900 | D:5      | Identified the +7 short sword of Wuff {chaos, Drain rElec
                  | Str+3 Dex+2}
  6238 | D:6      | Reached skill level 5 in Spellcasting
  7679 | D:6      | Noticed a wraith
  7688 | D:6      | Killed a wraith
  7689 | D:6      | Reached XP level 8. HP: 57/57 MP: 9/21
  8392 | D:6      | Reached skill level 1 in Translocations
  8518 | D:7      | Noticed Prince Ribbit
  8738 | D:7      | Noticed Pikel
  8811 | D:7      | Killed Pikel
  8812 | D:7      | Reached skill level 5 in Translocations
  9215 | D:7      | Found a staircase to the Ecumenical Temple.
  9281 | D:7      | Killed Prince Ribbit
  9282 | D:7      | Reached XP level 9. HP: 59/62 MP: 13/22
  9694 | D:8      | Found Tiulum's Jewellery Boutique.
 10009 | D:8      | HP: 1/62 [acid dragon (3)]
 10011 | D:8      | Slain by an acid dragon

Illustrated notes

Levels and vault maps discovered:
D:1:      heliophobic_arrival_battle_scene, layout_loops_ring, serial_forest,
          infiniplex_forest_clump_large, infiniplex_forest_zigzag_2,
          infiniplex_forest_end_3, infiniplex_forest_clump_C,
          infiniplex_forest_corner_1, infiniplex_forest_clump_curved,
          infiniplex_forest_straight_5, infiniplex_forest_clump_small,
          minmay_misc_feat_diagonals, minmay_pentomino_t2
D:2:      minmay_general_purpose_star, layout_basic,
          hellmonk_ecumenical_altar_crossroads, small_statue_intersection,
          palyth_stone_intersect
D:3:      layout_basic, serial_corexii_hall, corexii_hall_statues_u,
          chequers_hall_statues_y, hex_medium
D:4:      layout_cave_pools, nicolae_hepliaklqana_monster_ancestors,
          vehumet_statue, kennysheep_small_circle
D:5:      due_chaos_kobolds, layout_cave_pods, nicolae_qazlal_eye_of_the_storm,
          dk_noncrumbling_2, chequers_serial_rivers_micro_b
D:6:      layout_layer_cave, nicolae_overflow_hallway_of_the_gods
D:7:      layout_rooms, old_standard_altar, minmay_temple_entry_glassed_door,
          uniq_pikel, uniq_prince_ribbit1
D:8:      layout_layer_cave, gammafunk_ghost_cemetery, serial_shops,
          nicolae_shop_industrial_runoff, shop, shop, nicolae_shop_trees,
          grunt_ministairs_14

Skill      XL: |  1  2  3  4  5  6  7  8  9 |
---------------+----------------------------+-----
Spellcasting   | 2 3 4 6 7 |  7.9
Conjurations   | 4 5 6 7 |  7.7
Translocations | 6 |  6.0
Dodging        | |  1.7
Stealth        | |  1.7

Action                     |  1- 3 |  4- 6 |  7- 9 || total
---------------------------+-------+-------+-------++-------
  Melee: Unarmed           |    10 |       |       ||    10
         Flail             |       |       |     2 ||     2
   Cast: Magic Dart        |    76 |   114 |    63 ||   253
         Searing Ray       |     1 |    13 |    47 ||    61
         Iskenderun's Myst |       |       |    15 ||    15
    Use: Potion            |       |       |     4 ||     4
 Armour: Robe              |     5 |       |       ||     5
         Ring mail         |     3 |    13 |    57 ||    73
  Dodge: Dodged            |    11 |    15 |    71 ||    97
  Block: Buckler           |       |       |    33 ||    33
